 Dungeon Crawl Stone Soup version 0.21-a0-591-g2314aa1 (webtiles) character file.

1197 Amnesiac the Chiller (level 8, -1/43 HPs)
             Began as a Deep Elf Ice Elementalist on Dec 22, 2017.
             Was a Priest of Ru.
             Slain by a big kobold
             ... wielding a +0 short sword
              (2 damage)
             ... on level 5 of the Dungeon.
             The game lasted 00:09:39 (4542 turns).

Amnesiac the Chiller (Deep Elf Ice Elementalist)    Turns: 4542, Time: 00:09:40

Health: -1/43      AC:  5    Str:  5    XL:     8   Next: 20%
Magic:  9/26       EV: 13    Int: 23    God:    Ru [***...]
Gold:   218        SH:  0    Dex: 15    Spells: 3/17 levels left

rFire    . . .     SeeInvis .   r - +3 quarterstaff (chaos)
rCold    . . .     Gourm    .   (shield currently unavailable)
rNeg     . . .     Faith    .   a - +0 robe
rPois    .         Spirit   .   e - +0 helmet
rElec    .         Reflect  .   q - +0 cloak
rCorr    .         Harm     .   (no gloves)
MR       .....                  o - +0 pair of boots (curse)
Stlth    +.........             u - amulet of inaccuracy (curse)
HPRegen  0.00/turn              f - ring of loudness (curse)
MPRegen  0.20/turn              i - ring of magical power

@: lethally poisoned (-1 -> -7)
A: inhibited regeneration, inability to use devices
a: Draw Out Power, Renounce Religion


You were on level 5 of the Dungeon.
You worshipped Ru.
Ru was most pleased with you.
You were not hungry.

You visited 1 branch of the dungeon, and saw 5 of its levels.
You also visited: Sewer.

You collected 272 gold pieces.
You spent 54 gold pieces at shops.

Inventory:

Hand Weapons
 r - a +3 quarterstaff of chaos (weapon)
Missiles
 g - 132 stones (quivered)
 k - 17 poisoned needles
Armour
 a - a +0 robe (worn)
 e - a +0 helmet (worn)
 o - a cursed +0 pair of boots (worn)
 q - a +0 cloak (worn)
 y - a +0 buckler
 F - a +0 crystal plate armour
Jewellery
 f - a cursed ring of loudness (left hand)
 i - a ring of magical power (right hand)
 j - an uncursed ring of stealth
 u - a cursed amulet of inaccuracy (around neck)
Scrolls
 s - 4 scrolls of teleportation {!r}
 v - a scroll of magic mapping {!r, unknown}
 A - a scroll of enchant weapon {!r, unknown}
 C - a scroll of identify {!r}
 D - a scroll of remove curse {!r, unknown}
 G - a scroll of enchant armour {!r, unknown}
Potions
 d - 2 potions of brilliance {!q, unknown}
 h - 3 potions of might {!q, unknown}
 l - a potion of agility {!q, unknown}
 m - a potion of ambrosia {!q}
 n - 2 potions of degeneration {!q, unknown}
 p - 2 potions of mutation {!q, unknown}
 t - a potion of cancellation {!q}
 w - a potion of haste {!q, unknown}
 x - a potion of heal wounds {!q, unknown}
 z - 2 potions of flight {!q, unknown}
 B - 2 potions of curing {!q, unknown}
Books
 b - a book of Frost

   Spells                             Type                      Level
   a - Freeze                         Ice                          1
   b - Throw Frost                    Conjuration/Ice              2
   c - Ozocubu's Armour               Charms/Ice                   3
   d - Throw Icicle                   Conjuration/Ice              4
   e - Summon Ice Beast               Ice/Summoning                4
Comestibles
 c - 11 rations
 E - 3 chunks of flesh


   Skills:
 + Level 1.1 Fighting
 - Level 2.4 Dodging
 - Level 2.4 Stealth
 - Level 4.5 Shields
 + Level 5.1 Spellcasting
 * Level 5.9 Conjurations
 * Level 6.0 Ice Magic


You had 3 spell levels left.
You knew the following spells:

 Your Spells              Type           Power        Failure   Level  Hunger
a - Freeze                Ice            ####         1%          1    None
b - Ozocubu's Armour      Chrm/Ice       ###.....     9%          3    ##.....
c - Throw Frost           Conj/Ice       ####..       1%          2    None
d - Throw Icicle          Conj/Ice       ####....     8%          4    ####...
e - Summon Ice Beast      Ice/Summ       ###.....     26%         4    ####...


Dungeon Overview and Level Annotations

Branches:
Dungeon (5/15)             Temple (0/1) D:5

Altars:
Ru

Shops:
D:4 }[


Innate Abilities, Weirdness & Mutations

You do not regenerate when monsters are visible.
You cannot study or use magical devices.


Message History

Aim: a kobold You freeze the kobold.
You kill the kobold!
Casting: Freeze
Confirm with . or Enter, or press ? or * to list all spells.
Aiming: Freeze
Press: ? - help, Shift-Dir - straight line, f - hobgoblin
Aim: a hobgoblin (almost dead)
You freeze the hobgoblin.
You kill the hobgoblin!
You feel sick.
The big kobold throws a stone.
The stone hits you but does no damage.
Casting: Freeze
Confirm with . or Enter, or press ? or * to list all spells.
You can't see any susceptible monsters within range! (Use Z to cast anyway.)
Casting: Freeze
Confirm with . or Enter, or press ? or * to list all spells.
You can't see any susceptible monsters within range! (Use Z to cast anyway.)
Casting: Freeze
Confirm with . or Enter, or press ? or * to list all spells.
You can't see any susceptible monsters within range! (Use Z to cast anyway.)
Casting: Freeze
Confirm with . or Enter, or press ? or * to list all spells.
You can't see any susceptible monsters within range! (Use Z to cast anyway.)
You feel sick.
Casting: Freeze
Confirm with . or Enter, or press ? or * to list all spells.
Aiming: Freeze
Press: ? - help, Shift-Dir - straight line, f - big kobold
Aim: a big kobold, wielding a short sword (lightly wounded)
You freeze the big kobold.
The big kobold is moderately wounded.
The big kobold hits you with a short sword.
* * * LOW HITPOINT WARNING * * *
Casting: Freeze
Confirm with . or Enter, or press ? or * to list all spells.
Aiming: Freeze
Press: ? - help, Shift-Dir - straight line, f/p - big kobold
Aim: a big kobold, wielding a short sword (moderately wounded)
You freeze the big kobold.
The big kobold is severely wounded.
You feel sick.
The big kobold hits you with a short sword.
* * * LOW HITPOINT WARNING * * *
Casting: Freeze
Confirm with . or Enter, or press ? or * to list all spells.
Aiming: Freeze
Press: ? - help, Shift-Dir - straight line, f/p - big kobold
Aim: a big kobold, wielding a short sword (severely wounded)
You freeze the big kobold.
The big kobold is severely wounded.
The big kobold hits you with a short sword.
* * * LOW HITPOINT WARNING * * *
Casting: Freeze
Confirm with . or Enter, or press ? or * to list all spells.
Aiming: Freeze
Press: ? - help, Shift-Dir - straight line, f/p - big kobold
Aim: a big kobold, wielding a short sword (severely wounded)
You freeze the big kobold.
The big kobold is almost dead.
* * * LOW HITPOINT WARNING * * *
You feel sick.
The big kobold hits you with a short sword.
You die...

##### #$$.###############
#($$#..............
#.$)#..............
#K##..†...........
#@)...)########... #...(..#
#... #......########...
##'##..............
#)))#..............
#≈≈≈≈≈≈≈≈≈#.(.#..............
#≈≈≈≈≈≈≈≈≈#...###############
#≈≈≈≈≈≈≈≈≈#####≈≈≈≈≈≈≈≈≈≈≈≈≈≈
#≈≈≈≈≈≈≈≈≈≈≈≈≈≈≈≈≈≈≈≈≈≈≈≈≈≈≈≈


You could see a big kobold.

Vanquished Creatures
  Eustachio (D:5)
  A water moccasin (D:5)
  Purgy (Sewer)
  An ogre (D:5)
  3 big kobolds (D:5)
  A wyvern zombie (D:4)
  A scorpion (D:4)
  2 howler monkeys
  2 hounds (D:4)
  Crazy Yiuf (D:2)
  Jessica (D:2)
  An iguana (D:4)
  2 worker ants
  5 adders
  3 gnolls (D:3)
  A river rat (D:3)
  2 oozes
  7 worms
  3 leopard geckos
  5 orcs
  4 ball pythons
  8 giant cockroaches
  8 goblins
  8 hobgoblins
  5 jackals
  3 quokkas
  12 bats
  9 frilled lizards
  A jackal zombie (D:5)
  23 kobolds
  16 rats
141 creatures vanquished.

Notes
Turn   | Place    | Note
-------+----------+-------------------------------------------
     0 | D:1      | Amnesiac the Deep Elf Ice Elementalist began the quest for the Orb.
     0 | D:1      | Reached XP level 1. HP: 10/10 MP: 6/6
   241 | D:1      | Reached XP level 2. HP: 9/15 MP: 1/8
   248 | D:1      | Learned a level 2 spell: Throw Frost
   878 | D:2      | Reached XP level 3. HP: 19/19 MP: 9/9
   931 | D:2      | Learned a level 3 spell: Ozocubu's Armour
  1118 | D:2      | Noticed Jessica
  1130 | D:2      | Killed Jessica
  1130 | D:2      | Reached XP level 4. HP: 24/24 MP: 4/10
  1283 | D:2      | Found a runed door.
  1424 | D:2      | Found a sacrificial altar of Ru.
  1486 | D:2      | Became a worshipper of Ru the Awakened
  1607 | D:2      | Noticed Crazy Yiuf
  1614 | D:2      | Killed Crazy Yiuf
  1614 | D:2      | Reached skill level 4 in Ice Magic
  1857 | D:3      | Reached XP level 5. HP: 27/28 MP: 12/12
  1870 | D:3      | Learned a level 4 spell: Throw Icicle
  2340 | D:3      | Found a glowing drain.
  2376 | Sewer    | Entered a sewer
  2446 | Sewer    | Reached XP level 6. HP: 32/32 MP: 14/14
  2466 | Sewer    | Noticed Purgy
  2478 | Sewer    | Killed Purgy
  2478 | Sewer    | Reached skill level 5 in Conjurations
  2478 | Sewer    | Reached skill level 5 in Ice Magic
  2527 | Sewer    | Gained mutation: You cannot study or use magical devices. [Ru sacrifice]
  2527 | Sewer    | Reached * piety under Ru
  2527 | Sewer    | Reached ** piety under Ru
  2793 | D:4      | Found Vuesh's Armour Shoppe.
  2903 | D:4      | Bought a +0 buckler for 54 gold pieces
  2915 | D:4      | Found Zilo Asa's Gadget Boutique.
  2923 | D:4      | Learned a level 4 spell: Summon Ice Beast
  3138 | D:4      | Reached skill level 1 in Shields
  3469 | D:4      | Reached XP level 7. HP: 35/36 MP: 15/15
  3791 | D:5      | Entered Level 5 of the Dungeon
  3988 | D:5      | Noticed Eustachio
  4000 | D:5      | Killed Eustachio
  4017 | D:5      | Found a staircase to the Ecumenical Temple.
  4351 | D:5      | Reached XP level 8. HP: 30/42 MP: 6/17
  4442 | D:5      | Gained mutation: You do not regenerate when monsters are visible. [Ru sacrifice]
  4442 | D:5      | Reached *** piety under Ru
  4509 | D:5      | Reached skill level 1 in Fighting
  4509 | D:5      | Reached skill level 5 in Spellcasting
  4528 | D:5      | Reached skill level 6 in Ice Magic
  4541 | D:5      | HP: 2/43 [big kobold/short sword (1)]
  4542 | D:5      | Slain by a big kobold

Vault maps used:
D:1:      dpeg_arrival_arbitrary_c
D:2:      lemuel_doored_altar, uniq_jessica, uniq_crazy_yiuf_cottage
D:3:      portal_sewer_entry_e
D:4:      serial_shops, shop, shop_statue, first_ration
D:5:      minmay_goblin_kobold_castle, minmay_temple_entry_statues_fountains,
          uniq_eustachio
Sewer:    sewer_co_purgy_island

Skill      XL: |  1  2  3  4  5  6  7  8 |
---------------+-------------------------+-----
Conjurations   | 2 3 4 5 |  5.9
Ice Magic      | 4 5 6 |  6.0
Spellcasting   | 4 5 |  5.1
Shields        | 2 4 |  4.5
Fighting       | 1 |  1.1
Dodging        | |  2.4
Stealth        | |  2.4

Action                   |  1- 3 |  4- 6 |  7- 9 || total
-------------------------+-------+-------+-------++-------
Melee: Unarmed           |     5 |       |       ||     5
       Quarterstaff      |       |     7 |    10 ||    17
 Cast: Freeze            |    28 |   118 |    78 ||   224
       Throw Frost       |    32 |    20 |     4 ||    56
       Summon Ice Beast  |       |     3 |       ||     3
       Ozocubu's Armour  |       |     2 |     1 ||     3
       Throw Icicle      |       |       |     2 ||     2
Invok: Sacrifice Artific |       |     1 |       ||     1
       Sacrifice Purity  |       |       |     1 ||     1
  Use: Scroll            |       |     6 |       ||     6
 Stab: Sleeping          |       |     1 |       ||     1
  Eat: Chunk             |     2 |     8 |     4 ||    14
Armor: Robe              |    18 |    28 |    28 ||    74
Dodge: Dodged            |    35 |    71 |    63 ||   169

Table legend:
 A = Spawn XP
 B = Non-spawn XP
 C = Spawn XP percentage of total XP
 D = Spawn monster count
 E = Non-spawn monster count
 F = Spawn count percentage of total count
 G = Total turns spent on level
                    A         B        C        D         E        F      G
               +---------+---------+-------+---------+---------+-------+---------
         Total |       0 |    1711 |   0.0 |       0 |     140 |   0.0 |  4542
               +---------+---------+-------+---------+---------+-------+---------
           D:1 |       0 |      37 |   0.0 |       0 |      21 |   0.0 |   845
           D:2 |       0 |     141 |   0.0 |       0 |      22 |   0.0 |  1004
           D:3 |       0 |     212 |   0.0 |       0 |      41 |   0.0 |   707
           D:4 |       0 |     370 |   0.0 |       0 |      12 |   0.0 |  1014
           D:5 |       0 |     807 |   0.0 |       0 |      37 |   0.0 |   751
         Sewer |       0 |     144 |   0.0 |       0 |       7 |   0.0 |   221
               +---------+---------+-------+---------+---------+-------+---------
